Map: Simulacrum LE

Players

MikeHawk - Winner!

  • Race: Terran Terran
  • League: Master
  • Spawn Location: 11:00

IIIIIIIIIIII

  • Race: Terran Terran
  • League: Master
  • Spawn Location: 5:00

VOD

Have the link to the VOD?

Description

Time

  • Played on: Dec. 20, 2019, 12:16 p.m.
  • Length: 8:31
Show
View Real Time Build Order
Export as new Build Order

MikeHawk Terran - Winner!

Build Orders: Gas First Reaper Expand 

Get SALT Encoding   

  12  0:01  SCV  
  13  0:13  SCV  
  14  0:17  Supply Depot  
  14  0:25  SCV  
  15  0:33  Refinery  
  15  0:39  SCV  
  16  0:44  Barracks  
  16  0:51  SCV  
  17  1:03  SCV  
  18  1:15  SCV  
  19  1:31  Orbital Command, Reaper  
  20  1:50  Command Center  
  20  1:57  SCV  
  20  1:58  Supply Depot  
  21  2:08  Factory  
  21  2:10  SCV  
  21  2:14  Barracks Reactor  
  22  2:19  Refinery  
  23  2:22  SCV  
  23  2:34  SCV  
  24  2:47  SCV  
  25  2:51  Marine x2, Hellion  
  25  2:52  Starport  
  29  2:59  SCV  
  29  3:01  Orbital Command  
  30  3:09  Marine x2  
  32  3:13  SCV  
  32  3:14  Factory Tech Lab  
  33  3:25  SCV  
  35  3:27  SCV, Marine x2  
  35  3:32  Supply Depot  
  37  3:37  Raven, SCV  
  37  3:38  Factory Tech Lab  
  37  3:39  SCV  
  41  3:44  Marine  
  41  3:45  Marine  
  41  3:50  SCV  
  41  3:51  SCV  
  42  3:58  Siege Tank  
  42  4:02  SCV  
  46  4:03  SCV  
  46  4:06  Marine x2  
  49  4:14  SCV  
  49  4:15  SCV  
  51  4:26  SCV  
  51  4:27  SCV, Command Center  
  51  4:30  Supply Depot  
  51  4:31  Stimpack  
  52  4:39  Barracks, SCV  
  52  4:40  SCV  
  52  4:43  Barracks  
  54  4:50  Starport Reactor  
  54  4:52  SCV x2  
  56  4:55  Siege Tank  
  56  4:57  Marine  
  60  5:01  Supply Depot  
  60  5:04  SCV x2  
  62  5:10  Engineering Bay x2  
  62  5:14  Refinery x2  
  62  5:23  SCV x2, Marine  
  62  5:24  Supply Depot  
  68  5:35  SCV x2  
  70  5:38  Starport Reactor  
  70  5:39  Terran Infantry Weapons Level 1, Terran Infantry Armor Level 1, Marine x2  
  70  5:40  Marine  
  70  5:41  Orbital Command  
  70  5:47  SCV x2  
  72  5:51  Marine x2  
  74  5:57  Siege Tank, Marine x2  
  74  6:02  SCV, Orbital Command  
  74  6:03  SCV  
  81  6:04  Barracks  
  81  6:07  Barracks  
  81  6:13  Marine x3  
  81  6:14  SCV  
  81  6:15  Combat Shield, SCV  
  81  6:17  Medivac  
  87  6:18  Medivac  
  87  6:25  Marine x2  
  91  6:27  SCV x2  
  91  6:30  Supply Depot  
  91  6:31  SCV, Supply Depot, Marine  
  95  6:39  SCV x2, Marine x2  
  98  6:42  Marine  
  98  6:43  Marine  
  100  6:47  SCV  
  100  6:52  SCV x2, Medivac x2, Marine, Siege Tank  
  111  6:54  Barracks Reactor  
  111  6:56  Barracks Reactor  
  111  6:59  SCV  
  112  7:04  SCV x2, Refinery  
  112  7:06  Refinery  
  112  7:08  Marine x4  
  113  7:11  SCV  
  117  7:19  Marine  
  117  7:20  SCV x2  
  117  7:21  Supply Depot  
  120  7:22  Supply Depot  
  120  7:25  Supply Depot  
  120  7:26  Marine x2  
  120  7:27  SCV  
  123  7:32  SCV x2  
  123  7:33  Marine x2  
  123  7:35  Marine  
  123  7:36  Marine  
  123  7:37  Marine  
  124  7:41  Marine  
  124  7:43  Marine  
  124  7:44  Marine  
  124  7:46  Siege Tank, Medivac  
  124  7:47  Medivac  
  124  7:51  Factory  
  131  7:53  Armory  
  131  7:55  Marine x2  
  131  7:56  Barracks Reactor, Marine x2  
  131  7:57  Marine  
  136  7:59  Marine  
  136  8:01  Marine  
  138  8:09  Command Center  
  138  8:11  Supply Depot, Marine  
  138  8:12  Supply Depot  
  139  8:13  Marine x2  
Show
View Real Time Build Order
Export as new Build Order

IIIIIIIIIIII Terran 

Build Orders: Gas First Reaper Expand 

Get SALT Encoding   

  12  0:01  SCV  
  13  0:13  SCV  
  14  0:17  Supply Depot  
  14  0:28  SCV  
  15  0:29  Refinery  
  15  0:40  SCV  
  16  0:47  Barracks  
  16  0:52  SCV  
  17  1:04  SCV  
  18  1:16  SCV  
  19  1:33  Orbital Command, Reaper  
  20  1:51  Command Center  
  20  2:00  SCV  
  21  2:02  Factory  
  21  2:08  Barracks Reactor  
  21  2:12  SCV  
  22  2:18  Supply Depot  
  22  2:23  Refinery  
  22  2:24  SCV  
  23  2:39  SCV  
  24  2:45  Marine x2  
  24  2:47  Hellion  
  24  2:49  Starport  
  28  2:51  SCV  
  29  3:02  Marine x2  
  29  3:04  SCV  
  32  3:07  Orbital Command  
  32  3:12  Factory Tech Lab  
  32  3:16  SCV  
  33  3:22  Marine x2  
  35  3:28  SCV  
  35  3:32  SCV  
  35  3:33  Raven  
  39  3:36  Factory Tech Lab  
  39  3:37  Supply Depot  
  39  3:40  SCV  
  40  3:44  Marine x2  
  40  3:48  SCV  
  42  3:53  SCV  
  42  3:56  Siege Tank  
  42  4:02  SCV  
  46  4:05  SCV, Marine x2  
  46  4:08  Supply Depot  
  49  4:14  SCV  
  49  4:19  SCV  
  50  4:26  SCV  
  50  4:30  Command Center  
  50  4:31  SCV, Siege Tank  
  52  4:36  Supply Depot  
  52  4:38  SCV  
  56  4:43  SCV  
  57  4:52  SCV  
  56  4:55  SCV  
  56  4:57  Barracks  
  56  4:58  Supply Depot  
  56  4:59  Barracks  
  57  5:00  Starport Reactor  
  57  5:01  Stimpack, Marine  
  57  5:04  SCV  
  59  5:07  SCV  
  59  5:09  Siege Tank  
  63  5:14  Refinery  
  63  5:16  SCV  
  63  5:18  Refinery  
  63  5:19  SCV  
  63  5:20  Engineering Bay  
  65  5:24  Engineering Bay  
  65  5:28  Supply Depot, Marine  
  65  5:30  SCV  
  65  5:31  SCV  
  68  5:42  Orbital Command, SCV  
  69  5:46  Marine  
  69  5:48  Marine x2  
  72  5:50  Terran Infantry Weapons Level 1, Terran Infantry Armor Level 1, Starport Reactor  
  72  5:52  SCV, Marine  
  72  5:53  Marine  
  72  5:55  SCV  
  76  5:59  Siege Tank  
  76  6:04  SCV  
  80  6:05  Orbital Command, Marine  
  80  6:09  SCV  
  83  6:13  Marine x4  
  83  6:17  SCV  
  87  6:21  Barracks, SCV  
  87  6:25  Barracks  
  88  6:29  SCV  
  88  6:30  Medivac x2  
  88  6:32  SCV, Marine  
  94  6:33  SCV, Marine  
  94  6:39  Siege Tank  
  100  6:40  Marine  
  101  6:48  Supply Depot  
  101  6:49  SCV x3  
  101  6:50  Supply Depot  
  101  6:52  Supply Depot  
  104  6:54  Marine  
  104  6:55  Marine x2  
  107  7:01  SCV  
  107  7:03  Marine  
  107  7:05  SCV  
  109  7:08  Combat Shield  
  109  7:12  Armory  
  109  7:14  Barracks Reactor x2, Supply Depot  
  109  7:15  SCV  
  108  7:16  Marine  
  108  7:18  Supply Depot, Marine x2  
  108  7:21  Siege Tank  
  114  7:24  SCV  
  114  7:26  SCV  
  114  7:27  SCV  
  114  7:28  Marine x2  
  119  7:30  Supply Depot  
  105  7:42  Marine x3  
  105  7:43  SCV x2  
  96  7:44  SCV  
  96  7:45  Medivac  
  96  7:46  Medivac, Refinery x2  
  101  7:51  Marine x2  
  101  7:52  Marine  
  101  7:53  Marine x3  
  101  7:55  Siege Tank  
  110  8:01  Marine x2  
  110  8:02  Marine  
  113  8:08  SCV x3  
  113  8:09  Marine  
Tags
 
Add a new tag
Caveats
  • Supply blocks, unpowered buildings, or Contaminate may cause inaccurate times.
  • Supply counts are checked every 10 seconds.